 Dungeon Crawl Stone Soup version 0.21.1-1-g345015fe64 (webtiles) character file.

1920 HypnoRock the Cleaver (level 8, 0/73 HPs)
             Began as a Minotaur Berserker on June 2, 2018.
             Was an Elder of Trog.
             Killed from afar by an electric eel (9 damage)
             ... with a bolt of electricity
             ... on level 7 of the Dungeon on June 4, 2018.
             The game lasted 02:06:14 (7303 turns).

HypnoRock the Cleaver (Minotaur Berserker)          Turns: 7303, Time: 02:06:14

Health: 0/73       AC: 24    Str: 25    XL:     8   Next: 96%
Magic:  7/7        EV:  5    Int:  4    God:    Trog [****..]
Gold:   419        SH:  0    Dex:  9    Spells: 7/7 levels left

rFire    . . .     SeeInvis +   D - +0 battleaxe
rCold    . . .     Gourm    .   (shield currently unavailable)
rNeg     . . .     Faith    .   i - +4 crystal plate armour
rPois    .         Spirit   .   (helmet restricted)
rElec    .         Reflect  .   S - +0 cloak
rCorr    .         Harm     .   (no gloves)
MR       ++...                  (no boots)
Stlth    ..........             (no amulet)
HPRegen  1.22/turn              j - ring of flight
MPRegen  0.10/turn              Q - ring of see invisible

@: berserk cooldown, regenerating, slowed, very slow
A: retaliatory headbutt, horns 2
a: Berserk, Trog's Hand, Brothers in Arms, Burn Spellbooks, Renounce Religion,
Evoke Flight


You were on level 7 of the Dungeon.
You worshipped Trog.
Trog was greatly pleased with you.
You were hungry.

You visited 1 branch of the dungeon, and saw 7 of its levels.
You also visited: Sewer.

You collected 419 gold pieces.

Inventory:

Hand Weapons
 f - a +3 long sword
 g - a cursed +4 spear of freezing
 l - a +0 halberd
 A - a +2 flail of protection
 D - a +0 battleaxe (weapon)
 J - a +0 blowgun
 N - a +2 dagger of protection
 P - a +0 short sword
 V - a +2 falchion of electrocution
Missiles
 d - 52 arrows
 e - 51 bolts
 h - 154 stones (quivered)
 x - 72 poisoned needles
 y - 8 tomahawks
Armour
 i - a +4 crystal plate armour (worn)
 o - a cursed -2 robe
 S - a +0 cloak (worn)
Jewellery
 j - a ring of flight (left hand)
 Q - a ring of see invisible (right hand)
Wands
 w - a wand of polymorph (17)
Scrolls
 b - a scroll of fog
 n - 6 scrolls of teleportation
 v - 6 scrolls of remove curse
 M - a scroll of fear
 R - a scroll of blinking
Potions
 a - a potion of berserk rage {unknown}
 k - a potion of ambrosia
 m - 2 potions of haste
 q - a potion of curing {unknown}
 u - 2 potions of mutation {unknown}
 C - 6 potions of degeneration
 F - a potion of brilliance
 H - 2 potions of lignification
 I - a potion of cancellation {unknown}
 O - a potion of resistance {unknown}
 W - a potion of agility {unknown}
 X - a potion of heal wounds {unknown}
 Z - a potion of flight {unknown}
Comestibles
 c - 10 rations


   Skills:
 - Level 7.4 Fighting
 + Level 10.2 Axes
 + Level 0.6 Throwing
 * Level 8.0 Armour
 - Level 2.2 Dodging


You had 7 spell levels left.
You didn't know any spells.

Dungeon Overview and Level Annotations

Branches:
Dungeon (7/15)             Temple (0/1) D:5

Altars:
Dithmenos
Hepliaklqana
Makhleb
Ru
Sif Muna
Trog
Uskayaw
Wu Jian
Zin

Shops:
D:6 }


Innate Abilities, Weirdness & Mutations

You reflexively headbutt those who attack you in melee.
You have a pair of horns on your head.


Message History

The orc wizard hits you but does no damage. x2
You slice the orc wizard!!
You kill the orc wizard!
Trog accepts your kill.
Trog appreciates your killing of a magic user.
Your Armour skill increases to level 8!
The electric eel shoots out a bolt of lightning at you!
The bolt of electricity hits you!
The electric eel shoots out a bolt of lightning at you!
The bolt of electricity hits you!
* * * LOW HITPOINT WARNING * * *
The electric eel shoots out a bolt of lightning at you!
The bolt of electricity hits you!
* * * LOW HITPOINT WARNING * * *
Things that are here:
a dagger; a robe You feel the effects of Trog's Hand fading.
The electric eel shoots out a bolt of lightning at you!
The bolt of electricity hits you!
You die...

#.≈≈ #.≈# .≈ #.≈#
≈.≈ #.≈###≈.≈
#.;≈≈≈≈.≈ #.(......
##.≈≈≈≈≈.≈ #.)≈# .≈
#.@≈# ≈.≈
#))≈###≈.≈
#..≈≈≈≈≈.≈≈≈≈≈.≈≈≈≈
#.)...........[....
#..≈≈≈≈≈.≈≈≈≈≈.≈≈≈≈
#..≈###≈.≈# #≈.≈# #
#..≈# #≈.≈# #≈.≈# #
#..≈###≈.≈###≈.≈###
#..≈≈≈≈≈.≈≈≈≈≈.≈≈≈≈


You could see an electric eel.

Vanquished Creatures
  Grinder (D:5)
  Sigmund (D:5)
  The ghost of HaroldHyrax the Chopper, an amateur MiFi (D:3)
  Purgy (Sewer)
  An orc warrior (D:7)
  A sky beast (D:7)
  2 phantoms
  2 bullfrogs
  5 wights (D:7)
  An electric eel (D:7)
  2 orc priests
  8 orc wizards
  A bullfrog skeleton (D:3)
  An iguana (D:5)
  Ijyb (D:3)
  A worker ant (D:4)
  A howler monkey skeleton (D:6)
  6 adders
  A shadow imp (D:6)
  3 oozes
  An adder skeleton (D:4)
  4 worms
  5 dart slugs
  4 leopard geckos
  26 orcs
  7 giant cockroaches
  5 goblins
  10 hobgoblins
  5 jackals
  9 kobolds
  4 ball pythons (D:3)
  10 bats
  2 frilled lizards
  A quokka skeleton (D:5)
  7 rats
141 creatures vanquished.

Notes
Turn   | Place    | Note
-------+----------+-------------------------------------------
     0 | D:1      | HypnoRock the Minotaur Berserker began the quest for the Orb.
     0 | D:1      | Reached XP level 1. HP: 19/19 MP: 0/0
   131 | D:1      | Reached XP level 2. HP: 21/27 MP: 1/1
   529 | D:1      | Reached XP level 3. HP: 30/34 MP: 2/2
  1113 | D:2      | Reached skill level 5 in Fighting
  1469 | D:2      | Found a burning altar of Makhleb.
  1470 | D:2      | Found a deep blue altar of Sif Muna.
  1765 | D:2      | Reached skill level 4 in Axes
  1828 | D:2      | Reached XP level 4. HP: 42/42 MP: 3/3
  1870 | D:2      | Reached ** piety under Trog
  2218 | D:3      | Noticed Ijyb
  2257 | D:3      | Killed Ijyb
  2366 | D:3      | Noticed HaroldHyrax's ghost (amateur MiFi)
  2377 | D:3      | Killed HaroldHyrax's ghost
  2377 | D:3      | Reached skill level 6 in Axes
  2377 | D:3      | Reached XP level 5. HP: 48/48 MP: 2/4
  2377 | D:3      | Reached XP level 6. HP: 56/56 MP: 2/5
  2422 | D:3      | Reached skill level 5 in Armour
  2808 | D:3      | Found a hide-covered altar of Uskayaw.
  3003 | D:3      | Reached *** piety under Trog
  3444 | D:3      | Found a bloodstained altar of Trog.
  3697 | D:4      | Reached XP level 7. HP: 62/62 MP: 6/6
  3993 | D:4      | Reached skill level 7 in Axes
  4051 | D:5      | Entered Level 5 of the Dungeon
  4115 | D:5      | Found a staircase to the Ecumenical Temple.
  4310 | D:5      | Noticed Sigmund
  4317 | D:5      | Killed Sigmund
  4616 | D:5      | Noticed Grinder
  4623 | D:5      | Found an ornate altar of the Wu Jian Council.
  4626 | D:5      | Paralysed by Grinder for 2 turns
  4631 | D:5      | Killed Grinder
  4631 | D:5      | Reached skill level 8 in Axes
  4632 | D:5      | Found a hazy altar of Hepliaklqana.
  4633 | D:5      | Found a glowing silver altar of Zin.
  4838 | D:6      | Reached XP level 8. HP: 66/70 MP: 7/7
  4879 | D:6      | Found a glowing drain.
  4890 | Sewer    | Entered a sewer
  5055 | Sewer    | Noticed Purgy
  5061 | Sewer    | Killed Purgy
  5377 | D:6      | Found Novemm's Gadget Shoppe.
  5503 | D:6      | Found a shadowy altar of Dithmenos.
  5737 | D:6      | Reached skill level 9 in Axes
  6217 | D:7      | Found a sacrificial altar of Ru.
  6583 | D:7      | Reached **** piety under Trog
  6583 | D:7      | Reached skill level 10 in Axes
  7303 | D:7      | Killed from afar by an electric eel

Skill      XL: |  1  2  3  4  5  6  7  8 |
---------------+-------------------------+-----
Fighting       | 4 5 6 7 |  7.4
Armour         | 3 4 5 6 8 |  8.0
Axes           | 4 6 8 10 | 10.2
Throwing       | |  0.6
Dodging        | |  2.2

Action                   |  1- 3 |  4- 6 |  7- 9 || total
-------------------------+-------+-------+-------++-------
Melee: Hand axe          |    94 |    72 |       ||   166
       Headbutt          |    14 |    22 |    29 ||    65
       Battleaxe         |       |    47 |   166 ||   213
Throw: Stone             |    15 |     2 |    75 ||    92
Invok: Berserk           |     1 |     5 |     5 ||    11
       Trog's Hand       |       |       |     2 ||     2
       Burn Spellbooks   |       |       |     2 ||     2
 Abil: Evoke Flight      |       |     1 |       ||     1
       Stop Flying       |       |     1 |       ||     1
  Use: Scroll            |     5 |     7 |     6 ||    18
       Potion            |       |       |     1 ||     1
  Eat: Chunk             |     4 |     6 |    11 ||    21
       Ration            |       |     1 |     2 ||     3
Armor: Animal skin       |     2 |       |       ||     2
       Scale mail        |    15 |    12 |       ||    27
       Crystal plate arm |     7 |    66 |   150 ||   223
Dodge: Dodged            |    46 |    26 |    49 ||   121
